 Dungeon Crawl Stone Soup version 0.31-a0-632-g766dd24fdf (webtiles) character file.

Game seed: 14284086804279724270

46 ytrimaz the Insei (level 3, -5/26 HPs)
             Began as a Demonspawn Shapeshifter on Aug 25, 2023.
             Slain by an iguana (12 damage)
             ... on level 3 of the Dungeon.
             The game lasted 00:01:25 (1623 turns).

ytrimaz the Insei (Demonspawn Shapeshifter)         Turns: 1623, Time: 00:01:26

Health: -5/26      AC:  2    Str: 15    XL:     3   Next: 44%
Magic:  3/3        EV: 12    Int:  9    God:
Gold:   120        SH:  0    Dex: 15    Spells: 2/2 levels left

rFire   . .          .
                       - Unarmed
rCold   . . .        (no shield)
rNeg    . . .        a - +0 animal skin
rPois   .            (helmet currently unavailable)
rElec   .            (cloak currently unavailable)
rCorr   +            (gloves currently unavailable)
SInv    .            (boots currently unavailable)
Will    .....        (no amulet)
Stlth   +            n - ring of resist corrosion
HPRegen 0.24/turn    (no ring)
MPRegen 0.08/turn

%: no passive effects
@: beast-form
A: beast (slay +1), ignite blood 1
a: Begin Untransformation


You were on level 3 of the Dungeon.
You were a hulking beast.
You visited 1 branch of the dungeon, and saw 3 of its levels.

You collected 120 gold pieces.


Innate Abilities, Weirdness & Mutations

You are a hulking beast.
Your limbs bulge with bestial killing power. (Slay +1)
Your demonic aura sometimes causes spilled blood to erupt in flames.


   Skills:
 - Level 1.0 Fighting
 - Level 1.7 Dodging
 + Level 3.4 Unarmed Combat
 + Level 3.3 Shapeshifting


You had 2 spell levels left.
You didn't know any spells.
Your spell library contained the following spells:

 Spells                   Type           Power      Damage    Failure   Level
 Blink                    Tloc           0%         N/A       52%         2
 Lesser Beckoning         Tloc           0%         N/A       52%         2
 Momentum Strike          Conj/Tloc      0%         3d8       52%         2

Inventory:

Missiles
 h - a throwing net
Armour
 a - a +0 animal skin (worn)
Jewellery
 l - a ring of magical power
   (You found it on level 2 of the Dungeon)
 n - a ring of resist corrosion (left hand)
   (You found it on level 2 of the Dungeon)
Talismans
 c - a beast talisman (active)
 d - a flux talisman
Scrolls
 e - a scroll of teleportation {unknown}
 f - 2 scrolls of enchant weapon {unknown}
 g - 3 scrolls of identify {unknown}
 m - 3 scrolls of vulnerability {unknown}
 o - a scroll of fear {unknown}
 p - a scroll of noise {unknown}
Potions
 b - a potion of lignification
 i - a potion of curing {unknown}
 j - a potion of invisibility {unknown}
 k - a potion of cancellation {unknown}

Dungeon Overview and Level Annotations

Branches:
Dungeon (3/15) Zot: 16382

Altars:
Hepliaklqana

Shops:
D:2

[ ###.).#.##.#.#
#.#...##<#.#
#.#.#..###.#
#.#.#..###.####
#+#.#.........##
..#......##..# #
..##########.#
[.# ...#
........##....#
...#
......°hl.....#
.)......#.....#
........# ...!#
######### ...#
... .. .


You could see an iguana.


Message History

A rat comes into view.
A rat is nearby!
A rat is nearby!
A rat is nearby!
The rat barely misses you.
You punch the rat!
You kill the rat!
n - a ring of resist corrosion You see here a rat corpse.
No target in view!
n - a ring of resist corrosion (left hand) Key pressed, stopping explore.
You see here a +1 dagger of venom.
No target in view!
o - a scroll labelled MUELYS MYRGHA No target in view!
You now have 99 gold pieces (gained 15).
Found a stone staircase leading down.
No target in view!
p - a scroll labelled UFROGU WAOMYUREU Key pressed, stopping explore.
No target in view!
Unknown command.
There is a stone staircase leading down here.
You now have 103 gold pieces (gained 4).
Key pressed, stopping explore.
No target in view!
No target in view!
You pick up a book of Spatial Translocations and begin reading...
You add the spells Blink, Momentum Strike and Lesser Beckoning to your library.
No target in view!
Key pressed, stopping explore.
No target in view!
Found a stone staircase leading up.
No target in view!
You see here 3 boomerangs.
Key pressed, stopping explore.
There is a stone staircase leading down here.
Found a hazy altar of Hepliaklqana.
No target in view!
Done exploring.
No target in view!
Done exploring.
No target in view!
Done exploring.
No target in view!
Done exploring.
No target in view!
Done exploring.
Unknown command.
No target in view!
Done exploring.
Done exploring.
There is a hazy altar of Hepliaklqana here.
There is a stone staircase leading down here.
You climb downwards.
There is a stone staircase leading up here.
A goblin comes into view. It is wielding a +0 club.
The goblin shouts!
A goblin is nearby!
A goblin is nearby!
The goblin misses you.
A goblin is nearby!
You barely miss the goblin. The goblin closely misses you.
You closely miss the goblin.
Unknown command.
You miss the goblin.
The goblin hits you with a +0 club. 😕 HP[-2]
You take 2 damage, and now have 24/26 hp.
You hit the goblin.
You kill the goblin!
Things that are here:
a +0 club; a goblin corpse
Things that are here:
a +0 club; a goblin corpse 😕 HP[+1]
You now have 120 gold pieces (gained 17).
You open the door.
An iguana comes into view.
The iguana hisses angrily. 😎 HP[+1]
Your hp is fully restored (26).
An iguana is nearby!
An iguana is nearby!
You hit the iguana. The iguana bites you!
Ouch! That really hurt!
* * * LOW HITPOINT WARNING * * *
😨 HP[-14]
You take 14 damage, and now have 12/26 hp.
MASSIVE DAMAGE!! (PAUSE)
You closely miss the iguana. The iguana completely misses you.
Unknown command.
You hit the iguana. The iguana bites you.
* * * LOW HITPOINT WARNING * * *
😨 HP[-5]
You take 5 damage, and now have 7/26 hp.
You hit the iguana. The iguana barely misses you.
Unknown command.
You hit the iguana. The iguana bites you!
You die...

Skill      XL: |  1  2 |
---------------+-------+-----
Unarmed Combat | 3 |  3.4
Shapeshifting  | 3 |  3.3
Fighting       | |  1.0
Dodging        | |  1.7

Action                     || total
---------------------------++-------
  Melee: Unarmed           ||    99
   Stab: Sleeping          ||     1
 Armour: Animal skin       ||    15
  Dodge: Dodged            ||    60

Levels and vault maps discovered:
D:1:      spicycebolla_arrival_ecumenical, layout_basic,
          minmay_misc_feat_four_crosses, hangedman_decor_points
D:2:      layout_loops_ring, basic_altar, serial_shops, shop
D:3:      layout_basic, uniq_terence, uniq_sigmund

Notes
Turn   | Place    | Note
-------+----------+-------------------------------------------
     0 | D:1      | ytrimaz the Demonspawn Shapeshifter began the quest for the
                  | Orb.
     0 | D:1      | Reached XP level 1. HP: 15/15 MP: 1/1
     0 | D:1      | magus.rc [v1.9.6]
   131 | D:1      | HP: 3/15 [quokka (2)]
   133 | D:1      | HP: 1/15 [quokka (2)]
   378 | D:1      | Reached skill level 3 in Unarmed Combat
   378 | D:1      | Gained mutation: Your demonic aura sometimes causes spilled
                  | blood to erupt in flames. [demonic ancestry]
   378 | D:1      | Reached XP level 2. HP: 21/21 MP: 2/2
   427 | D:1      | Reached skill level 3 in Shapeshifting
   779 | D:1      | HP: 3/21 [quokka (4)]
   785 | D:1      | HP: 2/21 [quokka (2)]
   791 | D:1      | HP: 2/21 [quokka (1)]
  1069 | D:2      | Reached XP level 3. HP: 24/26 MP: 3/3
  1167 | D:2      | Found Zeots's Antique Armour Emporium.
  1473 | D:2      | You pick up a book of Spatial Translocations and begin
                  | reading...
  1473 | D:2      | You add the spells Blink, Momentum Strike and Lesser
                  | Beckoning to your library.
  1552 | D:2      | Found a hazy altar of Hepliaklqana.
  1623 | D:3      | Slain by an iguana

Vanquished Creatures
  An adder (D:2)
  A dart slug (D:1)
  5 endoplasms
  4 goblins
  A hobgoblin (D:2)
  4 quokkas (D:1)
  3 ball pythons (D:1)
  3 bats
  A frilled lizard (D:2)
  6 kobolds
  5 rats
34 creatures vanquished.

Table legend:
 A = Non-vault XP
 B = Vault XP
 C = Vault XP percentage of total XP
 D = Non-vault monster count
 E = Vault monster count
 F = Vault count percentage of total count
                 A         B        C        D         E       F
            +---------+---------+-------+---------+---------+-------
      Total |      66 |       0 |   0.0 |      34 |       0 |   0.0
            +---------+---------+-------+---------+---------+-------
        D:1 |      34 |       0 |   0.0 |      22 |       0 |   0.0
        D:2 |      30 |       0 |   0.0 |      11 |       0 |   0.0
        D:3 |       2 |       0 |   0.0 |       1 |       0 |   0.0
            +---------+---------+-------+---------+---------+-------

Skill      XL: |  1  2 |
---------------+-------+-----
Unarmed Combat | 3 |  3.4
Shapeshifting  | 3 |  3.3
Fighting       | |  1.0
Dodging        | |  1.7

Action                     || total
---------------------------++-------
  Melee: Unarmed           ||    99
   Stab: Sleeping          ||     1
 Armour: Animal skin       ||    15
  Dodge: Dodged            ||    60

Illustrated notes

Table legend:
 A = Kills in this place as a percentage of kills in the entire game.
 B = Kills by you in this place as a percentage of kills by you in the entire game.
 C = Kills by friends in this place as a percentage of kills by friends in the entire game.
 D = Other kills in this place as a percentage of other kills in the entire game.
 E = Experience gained in this place as a percentage of experience gained in the entire game.
 F = Experience gained in this place divided by the number of levels of this place that you have seen.
                   A       B       C       D       E      F
               +-------+-------+-------+-------+-------+----------------------
         Total | 100.0 | 100.0 |   N/A |   N/A | 100.0 |  22.0
       Dungeon | 100.0 | 100.0 |   N/A |   N/A | 100.0 |  22.0
               +-------+-------+-------+-------+-------+----------------------

Table legend: (Time is in decaauts)
 A = Elapsed time spent in this place.
 B = Non-inter-level travel time spent in this place.
 C = Inter-level travel time spent in this place.
 D = Time resting spent in this place.
 E = Time spent auto-exploring this place.
 F = Levels seen in this place.
 G = Mean time per level.
                   A        B        C        D        E       F      G
               +--------+--------+--------+--------+--------+-----+--------+
         Total |   1617 |   1575 |     42 |      0 |   1312 |   3 |  539.0 |
       Dungeon |   1617 |   1575 |     42 |      0 |   1312 |   3 |  539.0 |
               +--------+--------+--------+--------+--------+-----+--------+

Top non-repeatable levels by time:
     D:1: 937 daAuts
     D:2: 636 daAuts
     D:3: 43 daAuts
